 Dungeon Crawl Stone Soup version 0.20-a0-1078-g4874019 (webtiles) character file.

72 volk64 the Conjurer (level 4, -2/30 HPs)
             Began as a Draconian Conjurer on Apr 30, 2017.
             Was a Follower of Hepliaklqana.
             Slain by Grinder (3 damage)
             ... on level 3 of the Dungeon.
             The game lasted 00:09:45 (1439 turns).

volk64 the Conjurer (Draconian Conjurer)            Turns: 1439, Time: 00:09:46

Health: -2/30      AC:  5    Str: 10    XL:     4   Next: 6%
Magic:  2/7        EV: 12    Int: 16    God:    Hepliaklqana [*.....]
Gold:   76         SH:  0    Dex: 12    Spells: 1/7 levels left

rFire    . . .     SeeInvis .   h - +0 dagger (freeze)
rCold    + . .     Gourm    .   (no shield)
rNeg     . . .     Faith    .   (armour unavailable)
rPois    .         Spirit   .   (helmet restricted)
rElec    .         Reflect  .   g - scarf {rC+}
rCorr    .         Harm     .   (no gloves)
MR       .....                  (no boots)
Stlth    ++........             c - amulet of inaccuracy (curse)
Regen    0.1/turn               (no ring)
MPRegen  0.1/turn               (no ring)

@: very slightly contaminated
A: unfitting armour, reduced essence, cold-blooded, AC +5
a: Recall Ancestor, Ancestor Identity, Renounce Religion


You were on level 3 of the Dungeon.
You worshipped Hepliaklqana.
Hepliaklqana was aware of your devotion.
You were hungry.

You visited 1 branch of the dungeon, and saw 3 of its levels.

You collected 76 gold pieces.

Inventory:

Hand Weapons
 h - a +0 dagger of freezing (weapon)
Armour
 g - a scarf of cold resistance (worn)
Jewellery
 c - a cursed amulet of inaccuracy (around neck)
Scrolls
 e - 4 scrolls of identify
 j - a scroll of fog
Potions
 f - a potion of lignification
Books
 a - a book of Conjurations

   Spells                             Type                      Level
   a - Magic Dart                     Conjuration                  1
   b - Searing Ray                    Conjuration                  2
   c - Dazzling Spray                 Conjuration/Hexes            3
   d - Fulminant Prism                Conjuration/Hexes            4
   e - Force Lance                    Conjuration/Translocation    4
   f - Iskenderun's Mystic Blast      Conjuration                  4
Comestibles
 b - a bread ration
 d - a royal jelly
 i - 4 meat rations
 k - 2 chunks of flesh


   Skills:
 + Level 0.9 Fighting
 + Level 0.2 Short Blades
 + Level 2.2 Dodging
 + Level 2.1 Stealth
 + Level 0.8 Unarmed Combat
 + Level 2.1 Spellcasting
 + Level 4.7 Conjurations
 * Level 0.5 Hexes


You had one spell level left.
You knew the following spells:

 Your Spells              Type           Power        Failure   Level  Hunger
a - Magic Dart            Conj           ###.         3%          1    #......
b - Searing Ray           Conj           ###...       4%          2    ###....
c - Dazzling Spray        Conj/Hex       ##....       21%         3    ###....


Dungeon Overview and Level Annotations

Branches:
Dungeon (3/15)

Altars:
Elyvilon
Hepliaklqana
Trog
Xom
Yredelemnul

Annotations:
D:3 Grinder


Innate Abilities, Weirdness & Mutations

Your plain brown scales are hard. (AC +5)
You cannot fit into any form of body armour.
You are cold-blooded and may be slowed by cold attacks.
Your life essence is reduced. (-10% HP)


Message History

Arammadara hits Grinder but does no damage.
You can move again.
Okay, then.
You barely miss Grinder.
Grinder is heavily wounded.
Grinder gestures at you. You resist with significant effort.
Arammadara hits Grinder.
You miss Grinder.
Grinder is heavily wounded.
Grinder hits you but does no damage.
Arammadara misses Grinder.
You barely miss Grinder.
Grinder is heavily wounded.
Grinder closely misses you.
Arammadara hits Grinder but does no damage.
You miss Grinder.
Grinder is heavily wounded.
Grinder hits you.
* * * LOW HITPOINT WARNING * * *
You writhe in agony.
You die...

. #.##... .. ..###
#.#..##..##..
.....##...##.>.... .
..##............##. ..
...........[.........
#......#####..>##.#####
#......)..#..#..< .....
####...###....#.##.....#
......## ##.....@...#
......# #.###R5..##
......# #.............
.....## ................
.....# #.#.?.>......(...
#.##.###.#..............
#.##.#...#..............
#..#...##...............
#.................


You could see the friendly Arammadara the ancestor and Grinder.

Vanquished Creatures
  2 dart slugs (D:1)
  A leopard gecko (D:2)
  3 giant cockroaches (D:1)
  8 goblins
  2 hobgoblins (D:2)
  6 jackals
  A quokka (D:2)
  2 bats
  4 kobolds
  3 rats
32 creatures vanquished.

Vanquished Creatures (collateral kills)
  An ooze (D:1)
  2 worms (D:2)
  2 dart slugs
  An orc (D:3)
  2 bats
  2 giant cockroaches (D:1)
  2 hobgoblins (D:2)
  2 rats (D:2)
14 creatures vanquished.

Grand Total: 46 creatures vanquished

Notes
Turn   | Place    | Note
-------+----------+-------------------------------------------
     0 | D:1      | volk64 the Draconian Conjurer began the quest for the Orb.
     0 | D:1      | Reached XP level 1. HP: 14/14 MP: 3/3
   294 | D:1      | Reached XP level 2. HP: 19/20 MP: 1/5
   324 | D:1      | Learned a level 2 spell: Searing Ray
   472 | D:1      | Found a hazy altar of Hepliaklqana.
   487 | D:1      | Became a worshipper of Hepliaklqana the Forgotten
   667 | D:1      | Reached XP level 3. HP: 23/23 MP: 2/6
   693 | D:1      | Learned a level 3 spell: Dazzling Spray
   953 | D:2      | Found a bloodstained altar of Trog.
   965 | D:2      | Found a shimmering altar of Xom.
  1012 | D:2      | Found a basalt altar of Yredelemnul.
  1179 | D:2      | Found a white marble altar of Elyvilon.
  1308 | D:2      | Reached XP level 4. HP: 26/30 MP: 4/7
  1309 | D:2      | Reached * piety under Hepliaklqana
  1412 | D:3      | Noticed Grinder
  1428 | D:3      | Paralysed by Grinder for 7 turns
  1439 | D:3      | HP: 1/30 [Grinder (2)]
  1439 | D:3      | Slain by Grinder

Vault maps used:
D:1:      minmay_arrival_cross, minmay_hexomino_r4
D:2:      elyvilon_altar_5, overflow_temple_1_default, xom_teletrap_fun,
          bloody_trog
D:3:      uniq_grinder, uniq_robin

Skill      XL: |  1  2  3 |
---------------+----------+-----
Dodging        | 2 |  2.2
Stealth        | 2 |  2.1
Fighting       | |  0.9
Short Blades   | |  0.2
Unarmed Combat | |  0.8
Spellcasting   | |  2.1
Conjurations   | |  4.7
Hexes          | |  0.5

Action                   |  1- 3 |  4- 6 || total
-------------------------+-------+-------++-------
Melee: Unarmed           |    51 |       ||    51
       Tailslap          |     5 |       ||     5
       Dagger            |    48 |    10 ||    58
 Cast: Magic Dart        |    34 |     2 ||    36
       Searing Ray       |     3 |     3 ||     6
       Dazzling Spray    |     3 |       ||     3
  Use: Potion            |     4 |       ||     4
       Scroll            |     3 |       ||     3
 Stab: Sleeping          |     3 |       ||     3
  Eat: Chunk             |     3 |       ||     3
Armor: Skin              |    38 |     3 ||    41
Dodge: Dodged            |    69 |    11 ||    80
